 Dungeon Crawl Stone Soup version 0.29-a0-284-gf9362112df (webtiles) character file.

Game seed: 12481670693178492458

105 sammy202020 the Skirmisher (level 4, -1/29 HPs)
             Began as a Gargoyle Berserker on Mar 21, 2022.
             Was a Follower of Trog.
             Killed from afar by Natasha (7 damage)
             ... with a puff of flame
             ... on level 2 of the Dungeon.
             The game lasted 00:04:47 (1782 turns).

sammy202020 the Skirmisher (Gargoyle Berserker)     Turns: 1782, Time: 00:04:47

Health: -1/29      AC: 11    Str: 20    XL:     4   Next: 83%
Magic:  4/4        EV: 10    Int: 10    God:    Trog [*.....]
Gold:   28         SH:  0    Dex:  9    Spells: 3/3 levels left

rFire   . . .      SeeInvis .   k - +0 flail
rCold   . . .      Faith    .   (no shield)
rNeg    + . .      Spirit   .   d - +0 scale mail
rPois   ∞          Reflect  .   (no helmet)
rElec   +          Harm     .   (no cloak)
rCorr   .          Rampage  .   (no gloves)
Will    .....                   l - +0 pair of boots
Stlth   ..........              (no amulet)
HPRegen 0.09/turn               (no ring)
MPRegen 0.09/turn               (no ring)

@: on berserk cooldown, slowed, very slow
A: sickness immunity, AC +3, negative energy resistance 1, electricity
resistance, torment resistance 1, petrification resistance
a: Renounce Religion, Berserk


You were on level 2 of the Dungeon.
You worshipped Trog.
Trog was aware of your devotion.
You visited 1 branch of the dungeon, and saw 2 of its levels.

You collected 28 gold pieces.

Inventory:

Hand Weapons
 a - a +0 mace
 k - a +0 flail (weapon)
Missiles
 c - 6 poisoned darts
 e - 3 javelins (quivered)
Armour
 d - a +0 scale mail (worn)
 l - a +0 pair of boots (worn)
Jewellery
 n - a +6 ring of intelligence
Scrolls
 b - 2 scrolls of identify {unknown}
 f - a scroll of vulnerability {unknown}
 h - 2 scrolls of teleportation {unknown}
 i - a scroll of enchant armour {unknown}
Potions
 g - a potion of ambrosia {unknown}
 j - 2 potions of degeneration {unknown}
 m - a potion of might {unknown}


   Skills:
 * Level 4.1 Fighting
 * Level 3.7 Maces & Flails
 * Level 3.5 Armour
 + Level 2.0 Dodging


You had 3 spell levels left.
You didn't know any spells.
Your spell library was empty.

Dungeon Overview and Level Annotations

Branches:
Dungeon (2/15)

Altars:

Annotations:
D:2 Natasha


Innate Abilities, Weirdness & Mutations

You are immune to sickness and miasma.
Your stone body is resilient. (AC +3)
You are immune to poison.
You resist negative energy. (rN+)
You are resistant to electric shocks. (rElec)
You are resistant to unholy torment.
You are immune to petrification.


Message History

You closely miss Natasha.
Natasha is lightly wounded.
The shadow imp barely misses you.
You hit Natasha.
Natasha is moderately wounded.
Natasha barely misses you. The shadow imp hits you.
You barely miss Natasha.
Natasha is moderately wounded.
Natasha claws you but does no damage. The shadow imp barely misses you.
You thump Natasha!
You kill Natasha!
Trog accepts your kill.
Trog appreciates your killing of a magic user.
Natasha screams in pain as she dies!
The crimson imp disappears in a puff of smoke!
The shadow imp disappears in a puff of smoke!
Your Dodging skill increases to level 2!
You feel a strong urge to attack something.
Natasha, Servant of Life and Death comes into view.
She is carrying a wand of flame (7).
You feel your anger nearly subside.
You are no longer berserk.
You are exhausted.
You feel yourself slow down.
Natasha hisses angrily.
Natasha is nearby!
Natasha zaps a wand.
The puff of flame hits you but does no damage.
Natasha mumbles some strange words.
You feel troubled.
Natasha zaps a wand.
The puff of flame hits you.
Natasha zaps a wand.
The puff of flame misses you.
Okay, then.
You completely miss Natasha. Natasha claws you.
* * * LOW HITPOINT WARNING * * *
You closely miss Natasha. Natasha completely misses you.
Natasha barely misses you.
You hit Natasha but do no damage. Natasha barely misses you.
Natasha closely misses you.
You closely miss Natasha.
Natasha zaps a wand.
The puff of flame misses you.
Natasha zaps a wand.
The puff of flame hits you!
You die...

####.###.#.....#....#######..#
#.##......................#
#####.##..#........##.#.#.##.##
#...............#####........###
##.#####..###.#.## ###..#......
......##).###....# #.#.##.###
##.##.##.........## #.#.##.# #
#.# ..#.######...# #......# #
##.. ....# #.@.# #.#.##.# #
.#####.### #.h.# #......###
..####.# #...# #.......##
...##..# ######...######.......##
.......###.....................##
.............<.............>....†
.....#.###.............<.......##
....#.## ######...####.#....#..##
..#.### #...# #.#...###.##


You could see Natasha.

Vanquished Creatures
  Natasha (twice) (D:2)
  2 adders (D:2)
  2 ball pythons
  5 bats
  4 endoplasms
  3 giant cockroaches (D:1)
  2 goblins
  6 hobgoblins
  3 jackals (D:2)
  2 kobolds (D:1)
  A quokka (D:2)
  A frilled lizard (D:1)
  3 rats
36 creatures vanquished.

Notes
Turn   | Place    | Note
-------+----------+-------------------------------------------
     0 | D:1      | sammy202020 the Gargoyle Berserker began the quest for the
                  | Orb.
     0 | D:1      | Reached XP level 1. HP: 14/14 MP: 1/1
   185 | D:1      | Reached XP level 2. HP: 19/19 MP: 2/2
   466 | D:1      | Reached XP level 3. HP: 20/23 MP: 3/3
  1185 | D:2      | Noticed Natasha
  1196 | D:2      | Killed Natasha
  1197 | D:2      | Reached skill level 4 in Fighting
  1197 | D:2      | Reached XP level 4. HP: 5/29 MP: 4/4
  1720 | D:2      | Found a faded altar of an unknown god.
  1758 | D:2      | Noticed Natasha
  1771 | D:2      | Killed Natasha
  1775 | D:2      | Noticed Natasha
  1782 | D:2      | Killed from afar by Natasha

Illustrated notes

Levels and vault maps discovered:
D:1:      lemuel_arrival_funnel, layout_basic, amethyst_killhole
D:2:      layout_loops_cross, dreamdust_ecumenical_altar_sealed_demon,
          uniq_natasha

Skill      XL: |  1  2  3  4 |
---------------+-------------+-----
Armour         | 3 |  3.5
Fighting       | 4 |  4.1
Dodging        | 2 |  2.0
Maces & Flails | |  3.7

Action                   |  1- 3 |  4- 6 || total
-------------------------+-------+-------++-------
Melee: Mace              |   110 |       ||   110
       Punch             |     1 |       ||     1
       Flail             |    10 |    15 ||    25
Invok: Berserk           |     2 |     1 ||     3
Armor: Scale mail        |    91 |     6 ||    97
Dodge: Dodged            |    91 |    11 ||   102

Table legend: (Time is in decaauts)
 A = Elapsed time spent in this place.
 B = Non-inter-level travel time spent in this place.
 C = Inter-level travel time spent in this place.
 D = Time resting spent in this place.
 E = Time spent auto-exploring this place.
 F = Levels seen in this place.
 G = Mean time per level.
                   A        B        C        D        E       F      G
               +--------+--------+--------+--------+--------+-----+--------+
         Total |   1842 |   1813 |     29 |    374 |   1067 |   2 |  921.0 |
       Dungeon |   1842 |   1813 |     29 |    374 |   1067 |   2 |  921.0 |
               +--------+--------+--------+--------+--------+-----+--------+

Top non-repeatable levels by time:
     D:2: 1144 daAuts
     D:1: 698 daAuts
